 Dungeon Crawl Stone Soup version 0.23.2-40-g277498a001 (webtiles) character file.

Game seed: 5547727758929872702

1876 FishyPogo the Thaumaturge (level 9, -12/65 HPs)
             Began as a Gnoll Wanderer on Oct 6, 2019.
             Was a Believer of Nemelex Xobeh.
             Killed by a card of wild magic (44 damage)
             ... on level 7 of the Dungeon.
             The game lasted 00:22:30 (5027 turns).

FishyPogo the Thaumaturge (Gnoll Wanderer)          Turns: 5027, Time: 00:22:30

Health: -12/65     AC:  6    Str: 20    XL:     9   Next: 14%
Magic:  8/23       EV: 14    Int: 16    God:    Nemelex Xobeh [**....]
Gold:   317        SH:  0    Dex: 13    Spells: 18/28 levels left

rFire    . . .     SeeInvis +   C - +11 war axe "Gutea" {speed, rPois Str+4 Int-2 SInv}
rCold    . . .     Gourm    .   (no shield)
rNeg     . . .     Faith    .   d - +0 robe
rPois    +         Spirit   .   k - +0 helmet
rElec    .         Reflect  .   u - +0 cloak
rCorr    .         Harm     .   (no gloves)
MR       .....                  y - +1 pair of boots
Stlth    ++........             (no amulet)
HPRegen  0.20/turn              (no ring)
MPRegen  0.18/turn              (no ring)

@: no status effects
A: distributed training, fangs 1, strong nose
a: Draw Escape, Draw Destruction, Draw Summoning, Renounce Religion


You were on level 7 of the Dungeon.
You worshipped Nemelex Xobeh.
Nemelex Xobeh was pleased with you.
You were not hungry.

You visited 1 branch of the dungeon, and saw 7 of its levels.

You collected 317 gold pieces.

Inventory:

Hand Weapons
 a - a +0 club
 o - the +1 trident "Hydraslayer" {speed, Dex+8 SInv}
   (You found it on level 4 of the Dungeon)

   Attacks with this weapon are significantly faster.
   It affects your dexterity (+8).
   It lets you see invisible.
 C - the +11 war axe "Gutea" (weapon) {speed, rPois Str+4 Int-2 SInv}
   (You found it on level 6 of the Dungeon)

   Attacks with this weapon are significantly faster.
   It affects your strength (+4).
   It affects your intelligence (-2).
   It protects you from poison.
   It lets you see invisible.
Missiles
 i - 57 sling bullets
 j - 86 stones (quivered)
 v - 16 tomahawks
Armour
 d - a +0 robe (worn)
 k - a +0 helmet (worn)
 u - a +0 cloak (worn)
 y - a +1 pair of boots (worn)
Wands
 q - a wand of random effects (12)
 A - a wand of digging (4)
 D - a wand of polymorph (8)
Scrolls
 c - 6 scrolls of identify {unknown}
 l - 3 scrolls of blinking {unknown}
 n - 4 scrolls of amnesia {unknown}
 p - 4 scrolls of remove curse {unknown}
 s - a scroll of enchant weapon {unknown}
 x - 4 scrolls of immolation {unknown}
 z - 5 scrolls of teleportation {unknown}
Potions
 b - a potion of invisibility {unknown}
 e - a potion of berserk rage {unknown}
 g - 4 potions of agility {unknown}
 h - 2 potions of lignification {unknown}
 m - 2 potions of degeneration {unknown}
 r - 6 potions of curing {unknown}
 t - a potion of resistance {unknown}
 B - a potion of heal wounds
Comestibles
 f - 12 rations
 w - 7 chunks of flesh


   Skills:
 + Level 3.9 Fighting
 + Level 3.9 Short Blades
 + Level 3.9 Long Blades
 + Level 3.9 Axes
 + Level 3.9 Maces & Flails
 + Level 3.9 Polearms
 + Level 3.9 Staves
 + Level 3.9 Slings
 + Level 3.9 Bows
 + Level 3.9 Crossbows
 + Level 6.1 Throwing
 + Level 3.9 Armour
 + Level 3.9 Dodging
 + Level 3.9 Stealth
 + Level 3.9 Shields
 + Level 3.9 Unarmed Combat
 + Level 10.0 Spellcasting
 + Level 3.2 Conjurations
 + Level 3.2 Hexes
 + Level 3.2 Charms
 + Level 3.2 Summonings
 + Level 3.2 Necromancy
 + Level 3.2 Translocations
 + Level 5.0 Transmutations
 + Level 5.0 Fire Magic
 + Level 3.2 Ice Magic
 + Level 3.2 Air Magic
 + Level 3.2 Earth Magic
 + Level 3.2 Poison Magic
 + Level 4.2 Invocations
 + Level 3.9 Evocations


You had 18 spell levels left.
You knew the following spells:

 Your Spells              Type           Power        Failure   Level  Hunger
a - Magic Dart            Conj           ###.         2%          1    None
c - Mephitic Cloud        Conj/Pois/Air  ###.....     8%          3    None
d - Call Imp              Summ           ###.....     3%          2    None
e - Ignite Poison         Fire/Tmut/Pois ###.....     4%          3    None
z - Beastly Appendage     Tmut           ###...       1%          1    None

Your spell library contained the following spells:

 Spells                   Type           Power        Failure   Level  Hunger
 Animate Skeleton         Necr           N/A          2%          1    None
 Apportation              Tloc           ###...       2%          1    None
 Confusing Touch          Hex            ###...       2%          1    None
 Summon Small Mammal      Summ           ###.         2%          1    None
 Blink                    Tloc           N/A          3%          2    None
 Shroud of Golubria       Chrm/Tloc      ###.......   3%          2    None
 Slow                     Hex            ###.....     3%          2    None
 Conjure Flame            Conj/Fire      ###.....     4%          3    None


Dungeon Overview and Level Annotations

Branches:
Dungeon (7/15)             Temple (0/1) D:6

Altars:
Nemelex Xobeh
Wu Jian
Zin

Shops:
D:6 }


Innate Abilities, Weirdness & Mutations

Your experience applies equally to all skills.
You have very sharp teeth.
Your uncanny sense of smell can sniff out nearby items.


Message History

You hit the hippogriff.
The hippogriff is severely wounded.
You slash the killer bee! The killer bee barely misses you.
The killer bee closely misses you. The eye of draining gazes at you.
You feel your power leaking away. The hippogriff barely misses you.
The hippogriff completely misses you.
The hippogriff claws you but does no damage.
You draw a card...
You have drawn Wild Magic.
There is a sudden explosion of magical energy!
The explosion engulfs the killer bee!!
The killer bee dies!
The explosion engulfs the killer bee!!
The killer bee dies!
The explosion engulfs the crimson imp!!!
The crimson imp dies!
The explosion engulfs you!!!
Ouch! That really hurt!
You die...
Your body disappears without a glow.

.### ....... .. ....
...... ... .....
..(.. .... .....
#.#.##....
......###...#...
......#.......#
...y..H.#.#...######
...yh.†@............
...G.####.#.........
... #............. .
#.##.÷........
#.##..........
..H5....###.<.......
.......## ##...##...
.....(# ##### ##
....##


You could see a hippogriff, an eye of draining, a hound and 2 killer bees.

Vanquished Creatures
  A hippogriff (D:5)
  An ice beast (D:7)
  An orc warrior (D:6)
  A sky beast (D:5)
  A black bear (D:6)
  3 ogres (D:6)
  A phantom (D:5)
  A centaur (D:6)
  Blork the orc (D:4)
  A bullfrog (D:7)
  2 howler monkeys
  A crimson imp (D:5)
  3 orc priests
  5 hounds
  2 iguanas
  4 worker ants
  A gnoll (D:1)
  2 adders
  2 adder skeletons (D:4)
  2 worms (D:2)
  A dart slug (D:2)
  4 leopard geckos
  13 orcs
  A ball python (D:3)
  7 bats
  4 giant cockroaches
  9 goblins
  9 hobgoblins
  4 jackals (D:2)
  5 quokkas
  6 frilled lizards
  7 kobolds
  A leopard gecko skeleton (D:5)
  A quokka skeleton (D:4)
  6 rats
114 creatures vanquished.

Vanquished Creatures (collateral kills)
  A howler monkey (D:4)
  2 orcs (D:4)
3 creatures vanquished.

Vanquished Creatures (others)
  2 killer bees (D:7)
  A crimson imp (D:7)
3 creatures vanquished.

Grand Total: 120 creatures vanquished

Notes
Turn   | Place    | Note
-------+----------+-------------------------------------------
     0 | D:1      | Reached skill level 9 in Spellcasting
     0 | D:1      | FishyPogo the Gnoll Wanderer began the quest for the Orb.
     0 | D:1      | FishyPogo set off with the following items: a +0 club, a +0
                  | robe, a ration; and the following spells available to
                  | memorise: Beastly Appendage, Magic Dart, Ignite Poison,
                  | Blink, Call Imp, Shroud of Golubria, Slow, Conjure Flame,
                  | Mephitic Cloud
     0 | D:1      | Reached XP level 1. HP: 13/13 MP: 10/10
     2 | D:1      | Learned a level 1 spell: Magic Dart
     4 | D:1      | Learned a level 1 spell: Beastly Appendage
   150 | D:1      | Reached XP level 2. HP: 19/19 MP: 4/12
   421 | D:1      | Reached XP level 3. HP: 25/25 MP: 10/13
  1101 | D:3      | Reached skill level 1 in Invocations
  1115 | D:5      | Entered Level 5 of the Dungeon
  1164 | D:4      | Got a dazzling trident
  1181 | D:3      | Identified the +1 trident "Hydraslayer" {speed, Dex+8 SInv}
                  | (You found it on level 4 of the Dungeon)
  1347 | D:2      | Reached skill level 1 in Fighting
  1347 | D:2      | Reached skill level 1 in Short Blades
  1347 | D:2      | Reached skill level 1 in Long Blades
  1347 | D:2      | Reached skill level 1 in Axes
  1347 | D:2      | Reached skill level 1 in Maces & Flails
  1347 | D:2      | Reached skill level 1 in Polearms
  1347 | D:2      | Reached skill level 1 in Staves
  1347 | D:2      | Reached skill level 1 in Slings
  1347 | D:2      | Reached skill level 1 in Bows
  1347 | D:2      | Reached skill level 1 in Crossbows
  1347 | D:2      | Reached skill level 1 in Armour
  1347 | D:2      | Reached skill level 1 in Dodging
  1347 | D:2      | Reached skill level 1 in Stealth
  1347 | D:2      | Reached skill level 1 in Shields
  1347 | D:2      | Reached skill level 1 in Unarmed Combat
  1347 | D:2      | Reached skill level 1 in Evocations
  1408 | D:2      | Reached XP level 4. HP: 32/32 MP: 6/15
  1439 | D:2      | Found an ornate altar of the Wu Jian Council.
  1446 | D:2      | Found a glowing silver altar of Zin.
  1450 | D:2      | Found a sparkling altar of Nemelex Xobeh.
  1458 | D:2      | Became a worshipper of Nemelex Xobeh the Trickster
  2209 | D:3      | Received a gift from Nemelex Xobeh
  2401 | D:3      | Reached skill level 1 in Conjurations
  2401 | D:3      | Reached skill level 1 in Hexes
  2401 | D:3      | Reached skill level 1 in Charms
  2401 | D:3      | Reached skill level 1 in Summonings
  2401 | D:3      | Reached skill level 1 in Necromancy
  2401 | D:3      | Reached skill level 1 in Translocations
  2401 | D:3      | Reached skill level 1 in Ice Magic
  2401 | D:3      | Reached skill level 1 in Air Magic
  2401 | D:3      | Reached skill level 1 in Earth Magic
  2401 | D:3      | Reached skill level 1 in Poison Magic
  2758 | D:4      | Learned a level 3 spell: Mephitic Cloud
  2773 | D:4      | Reached XP level 5. HP: 15/37 MP: 13/16
  3185 | D:4      | Reached XP level 6. HP: 44/44 MP: 14/18
  3294 | D:4      | Noticed Blork the orc
  3318 | D:4      | Learned a level 3 spell: Ignite Poison
  3340 | D:4      | Killed Blork the orc
  3340 | D:4      | Reached skill level 5 in Throwing
  3384 | D:4      | Reached * piety under Nemelex Xobeh
  3733 | D:5      | Noticed a phantom
  3787 | D:5      | Received a gift from Nemelex Xobeh
  3804 | D:5      | Noticed a sky beast
  3812 | D:5      | Killed a sky beast
  3812 | D:5      | Reached XP level 7. HP: 50/50 MP: 12/20
  4036 | D:5      | Noticed a hippogriff
  4049 | D:5      | Killed a hippogriff
  4234 | D:5      | Learned a level 2 spell: Call Imp
  4256 | D:6      | Reached XP level 8. HP: 57/57 MP: 13/21
  4338 | D:6      | Received a gift from Nemelex Xobeh
  4388 | D:6      | Got a warped war axe
  4389 | D:6      | Identified the +11 war axe "Gutea" {speed, rPois Str+4
                  | Int-2 SInv} (You found it on level 6 of the Dungeon)
  4440 | D:6      | Found a staircase to the Ecumenical Temple.
  4558 | D:6      | Reached ** piety under Nemelex Xobeh
  4710 | D:6      | Found Keguez's Gadget Emporium.
  4939 | D:7      | Reached skill level 10 in Spellcasting
  4959 | D:7      | Noticed a hippogriff
  4993 | D:7      | Reached XP level 9. HP: 54/65 MP: 6/23
  4993 | D:7      | Reached skill level 5 in Transmutations
  4993 | D:7      | Reached skill level 5 in Fire Magic
  5027 | D:7      | Killed by a card of wild magic

Skill      XL: |  1  2  3  4  5  6  7  8  9 |
---------------+----------------------------+-----
Spellcasting   | 10 | 10.0
Invocations    | 1 2 3 4 |  4.2
Fighting       | 1 2 3 |  3.9
Short Blades   | 1 2 3 |  3.9
Long Blades    | 1 2 3 |  3.9
Axes           | 1 2 3 |  3.9
Maces & Flails | 1 2 3 |  3.9
Polearms       | 1 2 3 |  3.9
Staves         | 1 2 3 |  3.9
Slings         | 1 2 3 |  3.9
Bows           | 1 2 3 |  3.9
Crossbows      | 1 2 3 |  3.9
Armour         | 1 2 3 |  3.9
Dodging        | 1 2 3 |  3.9
Stealth        | 1 2 3 |  3.9
Shields        | 1 2 3 |  3.9
Unarmed Combat | 1 2 3 |  3.9
Evocations     | 1 2 3 |  3.9
Conjurations   | 1 2 3 |  3.2
Hexes          | 1 2 3 |  3.2
Charms         | 1 2 3 |  3.2
Summonings     | 1 2 3 |  3.2
Necromancy     | 1 2 3 |  3.2
Translocations | 1 2 3 |  3.2
Ice Magic      | 1 2 3 |  3.2
Air Magic      | 1 2 3 |  3.2
Earth Magic    | 1 2 3 |  3.2
Poison Magic   | 1 2 3 |  3.2
Transmutations | 4 5 |  5.0
Fire Magic     | 4 5 |  5.0
Throwing       | 5 6 |  6.1

Action                   |  1- 3 |  4- 6 |  7- 9 || total
-------------------------+-------+-------+-------++-------
Melee: Club              |    39 |       |       ||    39
       Headbutt          |     2 |       |       ||     2
       Kick              |     6 |    11 |       ||    17
       Trident           |    21 |   122 |    28 ||   171
       Bite              |     2 |     9 |     7 ||    18
       Punch             |       |     1 |     1 ||     2
       War axe           |       |       |    32 ||    32
 Cast: Magic Dart        |    40 |    49 |    21 ||   110
       Beastly Appendage |    11 |     7 |       ||    18
       Mephitic Cloud    |       |    13 |    19 ||    32
       Ignite Poison     |       |     2 |    13 ||    15
       Call Imp          |       |       |     3 ||     3
 Abil: Draw Summoning    |       |     1 |       ||     1
       Draw Escape       |       |       |     1 ||     1
       Draw Destruction  |       |       |     1 ||     1
Evoke: Wand              |       |       |     1 ||     1
 Stab: Sleeping          |     2 |       |       ||     2
       Confused          |       |     3 |     2 ||     5
  Eat: Chunk             |       |     9 |     4 ||    13
Armor: Robe              |    15 |    17 |     8 ||    40
Dodge: Dodged            |    41 |    38 |    30 ||   109
